Map: Shrines of Lizul

Players

BizMac

  • Race: Protoss Protoss
  • League: Platinum
  • Spawn Location: 6:00

ILIEKEGGPIE

  • Race: Protoss Protoss
  • League: Platinum
  • Spawn Location: 9:00

reibenfer - Winner!

  • Race: Zerg Zerg
  • Spawn Location: 12:00

MADWAVE - Winner!

  • Race: Protoss Protoss
  • Spawn Location: 3:00

VOD

Have the link to the VOD?

Description

Time

  • Played on: April 11, 2018, 7:53 p.m.
  • Length: 16:12
Show
View Real Time Build Order
Export as new Build Order

BizMac Protoss 

Build Orders:  

Get SALT Encoding   

  12  0:01  Probe  
  13  0:13  Probe  
  14  0:21  Pylon  
  15  0:28  Probe  
  15  0:36  Assimilator  
  15  0:48  Gateway  
  15  0:51  Probe  
  16  1:03  Probe  
  17  1:08  Gateway  
  17  1:18  Probe  
  18  1:22  Assimilator  
  18  1:30  Probe  
  19  1:36  Cybernetics Core  
  19  1:38  Zealot (Chrono Boost)  
  21  1:43  Probe  
  22  1:55  Probe  
  23  2:01  Pylon  
  23  2:18  Warp Gate (Chrono Boost)  
  23  2:19  Zealot  
  23  2:20  Probe  
  26  2:23  Gateway  
  26  2:31  Gateway  
  26  2:37  Zealot  
  28  3:00  Twilight Council  
  28  3:04  Stalker  
  30  3:25  Stalker  
  26  4:21  Stalker x2, Blink (Chrono Boost)  
  30  5:10  Pylon  
  30  5:11  Pylon  
  30  5:12  Pylon  
  30  5:29  Nexus  
  30  5:39  Stalker  
  30  5:40  Stalker x2  
  34  5:55  Pylon  
  34  5:57  Pylon  
  34  5:58  Stalker  
  36  6:06  Stalker  
  36  6:07  Stalker x2  
  42  6:40  Stalker x2  
  42  6:41  Stalker x2  
  34  7:22  Stalker  
  36  7:23  Stalker x3  
  42  7:52  Robotics Facility  
  42  7:54  Stalker x3  
  42  7:55  Stalker  
  40  8:27  Probe (Chrono Boost)  
  41  8:37  Probe (Chrono Boost)  
  36  8:42  Probe (Chrono Boost)  
  37  8:53  Probe  
  36  9:01  Stalker x2  
  36  9:02  Stalker x2  
  40  9:04  Immortal (Chrono Boost)  
  40  9:05  Probe (Chrono Boost)  
  45  9:18  Probe (Chrono Boost)  
  46  9:25  Probe (Chrono Boost)  
  47  9:33  Probe  
  48  9:38  Nexus  
  48  9:42  Forge  
  48  9:45  Probe  
  48  9:51  Stalker x2  
  53  9:59  Probe (Chrono Boost)  
  54  10:10  Probe (Chrono Boost)  
  55  10:23  Stalker x4  
  48  10:54  Probe (Chrono Boost)  
  49  11:00  Stalker x3  
  49  11:02  Probe (Chrono Boost)  
  56  11:08  Probe  
  57  11:11  Immortal  
  57  11:13  Probe  
  62  11:32  Stalker x3  
  68  12:07  Cybernetics Core  
  50  12:45  Gateway  
  50  13:08  Gateway  
  32  13:42  Stalker  
  28  13:58  Gateway  
  28  14:06  Stalker  
  30  14:14  Forge  
  30  14:17  Pylon  
  30  14:26  Stalker  
  30  14:29  Stalker  
  34  14:44  Shield Battery  
  34  14:46  Shield Battery  
  34  14:48  Photon Cannon  
  34  14:49  Photon Cannon  
  34  14:50  Photon Cannon  
  34  14:54  Photon Cannon  
  34  14:55  Photon Cannon  
  34  15:00  Photon Cannon  
  34  15:01  Photon Cannon  
  34  15:04  Stalker x2  
  38  15:16  Pylon x2  
  38  15:20  Stalker  
  21  15:41  Pylon  
Show
View Real Time Build Order
Export as new Build Order

ILIEKEGGPIE Protoss 

Build Orders:  

Get SALT Encoding   

  12  0:03  Probe  
  13  0:15  Probe  
  13  0:19  Pylon  
  14  0:27  Probe  
  15  0:39  Assimilator, Probe  
  16  0:47  Gateway  
  16  0:51  Probe  
  17  1:01  Gateway  
  17  1:06  Probe (Chrono Boost)  
  18  1:17  Probe (Chrono Boost)  
  19  1:20  Assimilator  
  19  1:27  Gateway  
  19  1:38  Cybernetics Core  
  19  1:59  Cybernetics Core  
  19  2:02  Pylon  
  19  2:16  Warp Gate  
  19  2:27  Gateway  
  19  2:28  Probe  
  20  2:30  Gateway  
  20  2:38  Adept  
  20  2:41  Probe (Chrono Boost)  
  24  2:52  Probe (Chrono Boost)  
  24  3:01  Adept x2  
  28  3:15  Adept  
  30  3:29  Pylon  
  30  3:47  Adept  
  32  3:59  Stalker x3  
  28  4:38  Pylon  
  28  4:39  Pylon  
  28  4:45  Pylon  
  25  5:04  Stalker x3  
  25  5:05  Stalker x2  
  35  5:33  Robotics Facility  
  33  5:55  Stalker  
  35  6:06  Pylon  
  35  6:25  Nexus  
  35  6:27  Pylon  
  35  6:31  Pylon  
  35  6:48  Stalker x4  
  41  7:17  Stalker  
  41  7:18  Stalker x2  
  47  7:25  Gateway  
  48  7:37  Probe (Chrono Boost)  
  48  7:43  Probe (Chrono Boost)  
  49  7:46  Probe (Chrono Boost)  
  50  8:00  Stalker  
  50  8:01  Stalker  
  54  8:35  Assimilator  
  54  8:40  Shield Battery  
  54  8:41  Assimilator  
  38  8:50  Immortal (Chrono Boost)  
  38  8:54  Stalker x3  
  42  9:09  Probe (Chrono Boost)  
  44  9:14  Probe (Chrono Boost)  
  44  9:19  Probe (Chrono Boost)  
  44  9:23  Probe (Chrono Boost)  
  46  9:28  Nexus  
  46  9:38  Stalker x2  
  50  10:14  Gateway  
  50  10:15  Gateway  
  50  10:16  Gateway  
  50  10:46  Stalker x4  
  50  10:47  Stalker  
  60  10:58  Probe (Chrono Boost)  
  60  11:03  Probe x2 (Chrono Boost)  
  63  11:09  Probe (Chrono Boost)  
  66  11:12  Stalker  
  66  11:13  Stalker x3, Probe x2 (Chrono Boost)  
  66  11:14  Probe (Chrono Boost)  
  75  11:22  Probe  
  72  12:03  Stalker x3  
  59  13:08  Cybernetics Core  
  27  13:46  Stalker x2  
  27  13:47  Stalker x2  
  34  14:15  Pylon  
  34  14:18  Pylon  
  22  14:48  Assimilator  
  22  14:58  Gateway  
  22  15:10  Gateway  
  22  15:11  Pylon  
  9  15:48  Cybernetics Core  
Show
View Real Time Build Order
Export as new Build Order

reibenfer Zerg - Winner!

Build Orders: Pool First 

Get SALT Encoding   

  12  0:04  Drone  
  13  0:12  Drone  
  14  0:22  Overlord  
  14  0:45  Drone x3  
  17  1:04  Spawning Pool  
  17  1:08  Extractor  
  15  1:13  Drone x2  
  15  1:18  Drone  
  18  1:33  Drone  
  19  1:46  Drone  
  20  1:58  Roach Warren  
  20  2:01  Overlord, Extractor  
  18  2:09  Overlord  
  18  2:11  Queen  
  20  2:18  Drone  
  21  2:39  Roach x2  
  21  2:44  Roach  
  27  2:57  Roach  
  29  3:06  Roach  
  31  3:28  Roach  
  31  3:29  Roach x2  
  31  3:31  Overlord x2  
  37  3:35  Hatchery  
  34  4:10  Roach  
  34  4:11  Roach x4  
  28  5:04  Roach x3  
  28  5:06  Metabolic Boost  
  28  5:38  Roach x3  
  28  5:39  Roach  
  28  5:40  Roach x2  
  40  5:54  Queen  
  42  6:10  Queen  
  44  6:11  Overlord  
  44  6:12  Overlord  
  44  6:14  Overlord x2  
  32  6:28  Roach x5  
  28  6:55  Overlord  
  28  6:56  Overlord  
Show
View Real Time Build Order
Export as new Build Order

MADWAVE Protoss - Winner!

Build Orders: Nexus First 

Get SALT Encoding   

  12  0:43  Probe (Chrono Boost)  
  12  0:46  Pylon  
  13  0:53  Probe (Chrono Boost)  
  14  1:03  Nexus  
  14  1:07  Forge  
  14  1:10  Probe (Chrono Boost)  
  15  1:20  Probe (Chrono Boost)  
  15  1:25  Probe (Chrono Boost)  
  17  1:35  Assimilator  
  17  1:36  Probe  
  17  1:39  Assimilator  
  18  1:46  Photon Cannon  
  18  1:56  Photon Cannon  
  18  2:12  Probe (Chrono Boost)  
  19  2:22  Probe (Chrono Boost)  
  21  2:31  Probe x2 (Chrono Boost)  
  22  2:39  Probe (Chrono Boost)  
  22  2:41  Probe (Chrono Boost)  
  24  2:45  Probe  
  24  2:50  Gateway, Probe  
  26  2:55  Gateway  
  26  2:58  Pylon  
  26  3:04  Pylon, Probe (Chrono Boost)  
  27  3:12  Probe (Chrono Boost)  
  28  3:15  Probe (Chrono Boost)  
  28  3:16  Pylon  
  28  3:19  Probe (Chrono Boost)  
  30  3:21  Assimilator  
  30  3:26  Probe (Chrono Boost)  
  31  3:29  Assimilator, Probe (Chrono Boost)  
  33  3:34  Probe (Chrono Boost)  
  33  3:35  Probe (Chrono Boost)  
  34  3:42  Photon Cannon  
  34  3:45  Probe  
  35  3:49  Photon Cannon  
  35  3:51  Probe  
  36  3:57  Probe  
  36  4:02  Photon Cannon  
  37  4:03  Probe  
  37  4:05  Pylon  
  37  4:09  Probe  
  39  4:12  Cybernetics Core  
  39  4:16  Pylon  
  39  4:22  Pylon  
  39  4:25  Pylon  
  39  4:32  Probe x2  
  41  4:40  Photon Cannon  
  41  4:44  Probe  
  41  4:45  Probe, Photon Cannon  
  43  4:49  Protoss Air Weapons Level 1 (Chrono Boost)  
  43  4:52  Photon Cannon  
  43  5:02  Stargate  
  43  5:07  Stargate  
  43  5:12  Stargate  
  43  5:17  Stargate  
  43  5:24  Pylon  
  43  5:28  Photon Cannon  
  43  5:31  Photon Cannon  
  43  5:38  Photon Cannon  
  43  5:41  Pylon  
  43  5:46  Photon Cannon  
  47  5:59  Void Ray (Chrono Boost)  
  51  6:09  Void Ray (Chrono Boost)  
  55  6:16  Void Ray (Chrono Boost)  
  55  6:24  Pylon  
  59  6:27  Void Ray (Chrono Boost)  
  59  6:29  Void Ray (Chrono Boost)  
  63  6:45  Void Ray (Chrono Boost)  
  67  6:49  Void Ray  
  71  7:03  Void Ray  
  71  7:08  Void Ray (Chrono Boost)  
  67  7:14  Photon Cannon  
  67  7:17  Protoss Shields Level 1 (Chrono Boost)  
  67  7:31  Photon Cannon  
  67  7:33  Photon Cannon  
  67  7:38  Pylon  
  67  7:42  Void Ray (Chrono Boost)  
  75  7:56  Void Ray (Chrono Boost)  
  63  8:06  Void Ray x2 (Chrono Boost)  
  62  8:23  Void Ray (Chrono Boost)  
  62  8:24  Photon Cannon  
  62  8:27  Photon Cannon  
  66  8:47  Void Ray (Chrono Boost)  
  64  8:53  Void Ray (Chrono Boost)  
  72  9:05  Void Ray (Chrono Boost)  
  76  9:11  Void Ray (Chrono Boost)  
  76  9:16  Photon Cannon  
  76  9:27  Void Ray  
  80  9:32  Photon Cannon  
  80  9:36  Photon Cannon  
  80  9:54  Void Ray  
  84  10:01  Fleet Beacon  
  84  10:11  Void Ray (Chrono Boost)  
  88  10:36  Void Ray (Chrono Boost)  
  92  10:46  Void Ray (Chrono Boost)  
  92  10:51  Void Ray (Chrono Boost)  
  92  10:55  Protoss Air Weapons Level 2 (Chrono Boost)  
  96  10:58  Void Ray (Chrono Boost)  
  100  11:18  Photon Cannon  
  100  11:21  Photon Cannon  
  100  11:26  Photon Cannon  
  100  11:32  Photon Cannon  
  100  11:47  Photon Cannon  
  100  11:50  Photon Cannon  
  57  13:46  Pylon  
  57  14:47  Pylon  
  57  14:51  Pylon  
  57  15:08  Void Ray  
Tags
 
Add a new tag
Caveats
  • Supply blocks, unpowered buildings, or Contaminate may cause inaccurate times.
  • Supply counts are checked every 10 seconds.